 Dungeon Crawl Stone Soup version 0.21-a0-92-g7bf63f6 (webtiles) character file.

1432 Ordine the Basher (level 8, -3/46 HPs)
             Began as a Gargoyle Fighter on July 1, 2017.
             Slain by an unseen horror (6 damage)
             ... on level 6 of the Dungeon.
             The game lasted 00:18:23 (5340 turns).

Ordine the Basher (Gargoyle Fighter)                Turns: 5340, Time: 00:18:24

Health: -3/46      AC: 18    Str: 26    XL:     8   Next: 73%
Magic:  8/8        EV:  6    Int: 10    God:
Gold:   66         SH: 12    Dex: 11    Spells: 7/7 levels left

rFire    + + .     SeeInvis .   r - +0 morningstar
rCold    + . .     Gourm    +   c - +1 shield
rNeg     + + .     Faith    .   j - +0 chain mail
rPois    ∞         Spirit   .   x - +0 helmet
rElec    +         Reflect  .   o - +1 cloak {MR+}
rCorr    +         Harm     .   (no gloves)
MR       ++...                  z - +0 pair of boots of Classification {rF+ rN+ MR+ Str-2}
Stlth    ..........             B - amulet of the gourmand
HPRegen  0.15/turn              t - +4 ring of strength
MPRegen  0.11/turn              (no ring)

@: mighty, resistant
A: negative energy resistance 1, electricity resistance, unbreathing,
petrification resistance, rot immunity, AC +5
a: no special abilities


You were on level 6 of the Dungeon.
You were very full.

You visited 2 branches of the dungeon, and saw 7 of its levels.

You collected 303 gold pieces.
You spent 237 gold pieces at shops.

Inventory:

Hand Weapons
 r - a +0 morningstar (weapon)
Armour
 c - a +1 shield (worn)
 j - a +0 chain mail (worn)
 o - a +1 cloak of magic resistance (worn)
 x - a +0 helmet (worn)
 z - the +0 pair of boots of Classification (worn) {rF+ rN+ MR+ Str-2}
   (You bought it in a shop on level 5 of the Dungeon)

   It affects your strength (-2).
   It protects you from fire.
   It protects you from negative energy.
   It affects your resistance to hostile enchantments.
Jewellery
 t - a +4 ring of strength (left hand)
 B - an amulet of the gourmand (around neck)
Wands
 d - a wand of random effects (26/48)
 s - a wand of paralysis (6/24)
 v - a wand of lightning (14/15)
Scrolls
 a - 4 scrolls of teleportation
 b - a scroll of fog
 l - 7 scrolls of remove curse
 A - a scroll of recharging
 D - a scroll of immolation
Potions
 e - 2 potions of haste
 h - 2 potions of curing {unknown}
 i - 3 potions of agility {unknown}
 k - a potion of magic {unknown}
 q - a potion of degeneration {unknown}
 u - 2 potions of might
 w - 2 potions of flight {unknown}
 C - a potion of cancellation {unknown}
Books
 y - a book of Flames

   Spells                             Type                      Level
   a - Flame Tongue                   Conjuration/Fire             1
   b - Throw Flame                    Conjuration/Fire             2
   c - Conjure Flame                  Conjuration/Fire             3
   d - Inner Flame                    Hexes/Fire                   3
   e - Sticky Flame                   Conjuration/Fire             4
   f - Fireball                       Conjuration/Fire             5
Comestibles
 f - 5 bread rations
 m - 5 royal jellies
 n - 2 meat rations


   Skills:
 - Level 3.2 Fighting
 * Level 8.8 Maces & Flails
 - Level 3.2 Armour
 + Level 7.3 Shields


You had 7 spell levels left.
You didn't know any spells.

Dungeon Overview and Level Annotations

Branches:
Dungeon (6/15)             Temple (1/1) D:6

Altars:
Ashenzari
Cheibriados
Dithmenos
Elyvilon
Fedhas
Gozag
Hepliaklqana
Kikubaaqudgha
Makhleb
Qazlal
Ru
Sif Muna
Uskayaw
Vehumet
Xom
Zin
The Shining One
Lugonu

Shops:
D:4 }   D:5 [


Innate Abilities, Weirdness & Mutations

You are resistant to torment.
Your stone body is resilient. (AC +5)
You are immune to poison.
You resist negative energy. (rN+)
You are resistant to electric shocks. (rElec)
You can survive without breathing.
You are immune to petrification.
You are immune to rotting.


Message History

You block something's attack. Something hits you but does no damage.
Things that are here:
a halberd; a chunk of flesh You barely miss something.
Something hits you but does no damage. Something hits you but does no damage.
You barely miss something. Something hits you but does no damage.
You miss something. Something hits you.
* * * LOW HITPOINT WARNING * * *
Something hits you but does no damage.
It was a potion of resistance.
You feel protected.
Something hits you but does no damage. x2
You closely miss something. Something hits you but does no damage.
Something hits you.
* * * LOW HITPOINT WARNING * * *
You barely miss something.
Something hits you but does no damage. x3
You miss something. Something hits you.
* * * LOW HITPOINT WARNING * * *
Something hits you.
You die...

.....# #######.# #.# ##
......# #.......# #.#
.......###.#####.###.#########
........#..# #............#.
......).#..# #>##########...
#.......##.# #.# ###.
(.......'..#####.# #.
%..)....'........# #########.
#.......#####@#### ..........
........# #)# ########..
........# #<####.## #.#
.......## #.......# #.#
..)...# ######..# #.# .....#
######.# .?..# #.......
#.####.. #....


There were no monsters in sight!

Vanquished Creatures
  A hippogriff (D:5)
  Sigmund (D:2)
  A phantom (D:4)
  2 ogres
  2 bullfrogs (D:6)
  2 scorpions
  A howler monkey (D:4)
  2 hounds
  Crazy Yiuf (D:2)
  An orc priest (D:5)
  A centaur skeleton (D:4)
  An iguana (D:4)
  A bullfrog skeleton (D:5)
  2 orc wizards
  4 worker ants
  6 gnolls
  5 adders
  2 oozes
  An adder skeleton (D:4)
  4 dart slugs
  3 leopard geckos (D:3)
  11 orcs
  5 ball pythons
  7 giant cockroaches
  7 hobgoblins
  9 jackals
  5 quokkas
  7 bats
  11 frilled lizards
  5 goblins
  6 kobolds
  2 leopard gecko skeletons (D:4)
  5 rats
124 creatures vanquished.

Notes
Turn   | Place    | Note
-------+----------+-------------------------------------------
     0 | D:1      | Ordine the Gargoyle Fighter began the quest for the Orb.
     0 | D:1      | Reached XP level 1. HP: 14/14 MP: 1/1
    86 | D:1      | Reached XP level 2. HP: 19/19 MP: 2/2
   395 | D:1      | Reached skill level 3 in Maces & Flails
   405 | D:1      | Reached XP level 3. HP: 13/23 MP: 3/3
   921 | D:2      | Found an opulent altar of Gozag.
   921 | D:2      | Found a burning altar of Makhleb.
   930 | D:2      | Found a stormy altar of Qazlal.
   930 | D:2      | Found an ancient bone altar of Kikubaaqudgha.
   932 | D:2      | Found a sacrificial altar of Ru.
   932 | D:2      | Found a white marble altar of Elyvilon.
  1491 | D:2      | Reached XP level 4. HP: 23/28 MP: 4/4
  1509 | D:2      | Noticed Sigmund
  1564 | D:2      | Killed Sigmund
  1564 | D:2      | Reached skill level 5 in Maces & Flails
  1564 | D:2      | Reached XP level 5. HP: 32/32 MP: 5/5
  1586 | D:2      | Found a runed door.
  1590 | D:2      | Noticed Crazy Yiuf
  1593 | D:2      | Killed Crazy Yiuf
  1593 | D:2      | Reached XP level 6. HP: 23/37 MP: 6/6
  1956 | D:3      | Reached skill level 5 in Shields
  2443 | D:3      | Found a hazy altar of Hepliaklqana.
  3127 | D:4      | Reached skill level 6 in Maces & Flails
  3129 | D:4      | Noticed a phantom
  3133 | D:4      | Found Kekel's Gadget Emporium.
  3147 | D:3      | Reached XP level 7. HP: 26/41 MP: 7/7
  3432 | D:4      | Reached skill level 7 in Maces & Flails
  3939 | D:5      | Entered Level 5 of the Dungeon
  4085 | D:5      | Reached XP level 8. HP: 46/46 MP: 8/8
  4138 | D:5      | Found Nuheuwudu's Antique Armour Emporium.
  4208 | D:5      | Found a glowing golden altar of the Shining One.
  4654 | D:5      | Bought a pair of ancient boots for 237 gold pieces
  4659 | D:5      | Identified the +0 pair of boots of Classification {rF+ rN+ MR+ Str-2} (You bought it in a shop on level 5 of the Dungeon)
  4707 | D:6      | Found a staircase to the Ecumenical Temple.
  4713 | D:6      | Reached skill level 8 in Maces & Flails
  4720 | Temple   | Entered the Ecumenical Temple
  5057 | D:6      | Noticed a hippogriff
  5082 | D:5      | Killed a hippogriff
  5340 | D:6      | Slain by an unseen horror

Vault maps used:
D:1:      dpeg_arrival_shelter
D:2:      grunt_temple_overflow_open, minmay_misc_feat_secret_circle,
          uniq_crazy_yiuf_cottage, uniq_sigmund
D:3:      lemuel_doored_altar, serial_co_window_serial, co_window_paths_b,
          co_window_cross_1, co_window_of_opportunity_a, co_window_paths_b,
          co_window_paths_a, co_window_corner_cb, co_window_2corner,
          co_window_broadway_b, co_window_broadway_a, co_window_corner_b,
          co_window_broadway_a, co_window_4corner_a, glass_columns_b,
          glass_columns_a, glass_columns_a, glass_columns_c, glass_columns_c,
          grunt_decor_fettered
D:4:      serial_shops, shop
D:5:      tso_metal_star, serial_shops, nicolae_shop_statue_plus, first_bread,
          moated_statue, saegor_snake_ambush
D:6:      kennysheep_big_flooded_room, minmay_temple_entry_purple_smoke
Temple:   kb_corrupted_temple

Skill      XL: |  1  2  3  4  5  6  7  8 |
---------------+-------------------------+-----
Maces & Flails | 3 5 6 7 8 |  8.8
Shields        | 4 5 6 7 |  7.3
Fighting       | |  3.2
Armour         | |  3.2

Action                   |  1- 3 |  4- 6 |  7- 9 || total
-------------------------+-------+-------+-------++-------
Melee: Flail             |   140 |    10 |       ||   150
       Morningstar       |       |   137 |   235 ||   372
       Mace              |       |    25 |       ||    25
  Use: Scroll            |    10 |     1 |     1 ||    12
       Potion            |       |     2 |     5 ||     7
  Eat: Chunk             |     2 |     5 |    23 ||    30
Armor: Chain mail        |   132 |   120 |   170 ||   422
       Scale mail        |     1 |       |       ||     1
Dodge: Dodged            |    48 |    42 |    47 ||   137
Block: Shield            |    90 |   117 |   141 ||   348
